AoeStats
← GoldPhantom

Arabia

510113949Analyzed
4v4 RM · 4d ago on Sep 29, 2026· 66m 55s· 8 players
Game mode
Random Map
Map size
Large (8 player)
Population
200
Speed
Normal
Resources
Standard
Victory
Conquest
Starting age
Dark Age
Ending age
Imperial Age
RankedLock teamsTeams togetherTeam positionsShared explorationLock speedFull tech treeHidden civsTurbo modeCheats
Victory
Defeat
🇵🇪 Turks · Peru
818
+15
🇨🇳 Vietnamese · China
759
+18
🇯🇵 Wei · Japan
726
+19
🇦🇷 Spanish · Argentina
714
+20
🇮🇩 Britons · Indonesia
876
-21
🇨🇳 Goths · China
794
-18
🇭🇰 Danes · Hong Kong SAR China
792
-18
723
-15
JOE
0:31 Loom
11:09 Feudal Age
18:29 Castle Age
17:20 Double-Bit Axe
17:19 Horse Collar
17:50 Gold Mining
17:52 Stone Mining
19:24 Wheelbarrow
23:10 Hand Cart
26:01 Bow Saw
25:54 Heavy Plow
29:37 Treadmill Crane
35:20 Imperial Age
35:43 Bloodlines
35:35 Husbandry
35:38 Chatras
36:11 Masonry
36:59 Elite Battle Elephant
38:05 Paper Money
39:40 Two-Man Saw
39:12 Crop Rotation
40:50 Scale Barding Armor
40:56 Forging
43:24 Caravan
44:08 Chain Barding Armor
44:24 Iron Casting
48:45 Plate Barding Armor
54:48 Fortified Wall
RuinMireia
11:53 Feudal Age
16:11 Castle Age
15:14 Double-Bit Axe
15:11 Horse Collar
17:05 Bow Saw
24:47 Scale Barding Armor
25:00 Bloodlines
26:02 Husbandry
26:14 Forging
27:02 Wheelbarrow
26:14 Loom
27:11 Chain Barding Armor
28:53 Gold Mining
29:43 Hand Cart
32:51 Imperial Age
30:30 Fletching
30:40 Padded Archer Armor
31:20 Ballistics
32:09 Thumb Ring
32:26 Heavy Plow
34:07 Parthian Tactics
34:26 Conscription
34:33 Ming Guang Armor
34:05 Bodkin Arrow
34:25 Leather Archer Armor
35:19 Chemistry
35:17 Bracer
35:58 Gold Shaft Mining
36:37 Ring Archer Armor
39:45 Iron Casting
38:35 Light Cavalry
40:28 Hussar
43:44 Blast Furnace
43:27 Scale Mail Armor
64:46 Heavy Hei Guang Cavalry
shamir1993
6:56 Loom
13:50 Feudal Age
14:59 Stone Mining
15:02 Double-Bit Axe
16:04 Horse Collar
22:18 Gold Mining
29:21 Castle Age
28:09 Arson
28:36 Forging
28:26 Scale Mail Armor
28:31 Scale Barding Armor
28:17 Fletching
28:27 Padded Archer Armor
30:24 Wheelbarrow
31:41 Gold Shaft Mining
31:46 Hand Cart
32:51 Bow Saw
34:35 Heavy Plow
41:37 Imperial Age
38:53 Town Watch
39:16 Treadmill Crane
39:32 Murder Holes
39:51 Fortified Wall
40:00 Husbandry
40:11 Bloodlines
41:38 Iron Casting
41:24 Chain Barding Armor
41:20 Chain Mail Armor
41:01 Bodkin Arrow
41:21 Leather Archer Armor
42:21 Artillery
42:42 Conscription
44:12 Ballistics
43:37 Arrowslits
44:04 Masonry
44:56 Blast Furnace
44:32 Plate Barding Armor
45:28 Two-Man Saw
44:08 Heavy Camel Rider
45:18 Caravan
46:02 Redemption
46:13 Sanctity
46:29 Theocracy
46:05 Fervor
47:28 Plate Mail Armor
48:19 Squires
65:14 Bracer
65:45 Ring Archer Armor
AlandorH
8:15 Loom
10:02 Feudal Age
15:13 Double-Bit Axe
21:33 Castle Age
19:27 Horse Collar
20:18 Forging
20:49 Scale Barding Armor
21:45 Wheelbarrow
21:38 Stone Mining
21:58 Gold Mining
25:29 Bloodlines
25:44 Chain Barding Armor
26:07 Town Watch
26:26 Husbandry
28:45 Bow Saw
31:43 Stone Shaft Mining
34:24 Ballistics
38:48 Imperial Age
37:19 Heavy Plow
39:32 Caravan
40:03 Hand Cart
40:28 Plate Barding Armor
40:20 Conscription
43:20 Iron Casting
43:28 Masonry
44:19 Chemistry
43:44 Guilds
44:48 Two-Man Saw
46:11 Architecture
47:44 Elite Conquistador
49:16 Town Patrol
50:19 Blast Furnace
54:03 Fletching
62:32 Bodkin Arrow
打死你们这些外国人
0:52 Loom
13:47 Feudal Age
14:38 Double-Bit Axe
15:48 Wheelbarrow
23:04 Castle Age
21:21 Stone Mining
21:50 Gold Mining
22:23 Forging
22:49 Scale Barding Armor
24:17 Bow Saw
24:47 Iron Casting
26:00 Chain Barding Armor
27:30 Hand Cart
27:51 Husbandry
29:10 Town Watch
29:06 Ordonnance Companies
31:05 Gold Shaft Mining
31:32 Fletching
35:12 Imperial Age
36:20 Conscription
36:15 Bodkin Arrow
37:05 Town Patrol
37:35 Chivalry
39:11 Plate Barding Armor
40:06 Blast Furnace
38:48 Cavalier
40:13 Paladin
44:01 Capped Ram
54:41 Onager
Levreap
12:14 Feudal Age
15:09 Double-Bit Axe
17:48 Castle Age
19:20 Bow Saw
18:54 Horse Collar
20:42 Wheelbarrow
24:40 Stone Mining
24:55 Heavy Plow
25:05 Pikeman
26:08 Pikeman
26:49 Squires
28:12 Padded Archer Armor
32:49 Leather Archer Armor
32:24 Fletching
33:00 Hand Cart
32:32 Loom
33:01 Gold Mining
32:59 Town Watch
37:28 Imperial Age
37:13 Gold Shaft Mining
38:07 Yeomen
39:44 Elite Longbowman
41:02 Capped Ram
42:59 Caravan
44:09 Chemistry
43:30 Ballistics
43:18 Halberdier
45:33 Murder Holes
45:43 Herbal Medicine
49:15 Ring Archer Armor
48:40 Bodkin Arrow
48:57 Forging
48:47 Scale Mail Armor
51:52 Bracer
致命伪装
0:30 Loom
11:03 Feudal Age
12:06 Double-Bit Axe
13:44 Gold Mining
13:55 Stone Mining
14:49 Horse Collar
16:12 Wheelbarrow
19:40 Fletching
26:19 Castle Age
27:37 Bow Saw
27:41 Bodkin Arrow
27:14 Pikeman
27:57 Squires
28:13 Forging
28:04 Scale Mail Armor
29:30 Murder Holes
30:17 Heavy Plow
31:00 Masonry
33:06 Stone Shaft Mining
33:58 Iron Casting
33:39 Chain Mail Armor
34:45 Hand Cart
36:52 Town Watch
37:24 Treadmill Crane
38:08 Ballistics
38:11 Chain Mail Armor
39:28 Anarchy
44:01 Imperial Age
41:33 Town Patrol
42:03 Caravan
45:15 Conscription
46:02 Bracer
46:02 Padded Archer Armor
47:43 Crop Rotation
48:22 Two-Man Saw
46:46 Elite Skirmisher
48:28 Leather Archer Armor
49:15 Blast Furnace
48:20 Perfusion
53:10 Ring Archer Armor
53:35 Elite Huskarl
GoldPhantom
5:24 Loom
10:51 Feudal Age
11:38 Double-Bit Axe
22:01 Castle Age
20:42 Horse Collar
21:32 Gold Mining
22:06 Stone Mining
22:50 Forging
22:16 Pikeman
23:51 Squires
24:19 Town Watch
27:10 Scale Mail Armor
27:01 Fletching
28:32 Wheelbarrow
28:48 Elite Skirmisher
29:51 Bow Saw
33:32 Hand Cart
38:16 Imperial Age
36:12 Gambesons
36:34 Padded Archer Armor
37:19 Gold Shaft Mining
37:09 Town Patrol
39:27 Conscription
39:12 Heavy Plow
39:26 Hamask
39:39 Capped Ram
40:28 Thumb Ring
42:25 Iron Casting
43:02 Leather Archer Armor
44:07 Bodkin Arrow
47:24 Ballistics
50:16 Bloodlines
50:07 Husbandry
49:28 Light Cavalry
Connection lost

Rejoining the realm…

Still unreachable

The connection could not be restored.

Session expired

The server has moved on; the page needs a fresh start.